 Dungeon Crawl Stone Soup version 0.28-a0-245-g639a1a48b9 (webtiles) character file.

Game seed: 3773174134734639100

571 KingZimy the Bolt Thrower (level 7, -1/72 HPs)
             Began as a Troll Hunter on Aug 25, 2021.
             Slain by an ogre (14 damage)
             ... on level 6 of the Dungeon.
             The game lasted 00:20:44 (1713 turns).

KingZimy the Bolt Thrower (Troll Hunter)            Turns: 1713, Time: 00:20:44

Health: -1/72      AC:  7    Str: 22    XL:     7   Next: 11%
Magic:  6/6        EV: 10    Int:  7    God:
Gold:   68         SH:  0    Dex: 13    Spells: 6/6 levels left

rFire   . . .      SeeInvis .   d - +2 spear (flame)
rCold   . . .      Faith    .   (no shield)
rNeg    . . .      Spirit   .   u - +0 steam dragon scales
rPois   .          Reflect  .   (helmet restricted)
rElec   .          Harm     .   (no cloak)
rCorr   .          Rampage  .   (gloves unavailable)
Will    .....                   (boots unavailable)
Stlth   ++........              (no amulet)
HPRegen 1.22/turn               (no ring)
MPRegen 0.10/turn               (no ring)

@: unable to read
A: large, unfitting armour, claws 3, regeneration 1, shaggy fur 1, tough skin 1,
agile 1, robust 1, inability to read while threatened, MP-powered wands
a: no special abilities


You were on level 6 of the Dungeon.
You visited 1 branch of the dungeon, and saw 6 of its levels.

You collected 68 gold pieces.

Inventory:

Hand Weapons
 a - a +1 hand crossbow
 b - a +0 short sword
 d - a +2 spear of flaming (weapon)
 i - a +0 whip
 l - a +0 dagger
 v - a +1 vorpal hunting sling
Missiles
 g - 5 large rocks (quivered)
 h - 15 sling bullets
 k - 40 stones
 p - 21 arrows
 s - 5 bolts
Armour
 c - a +0 robe
 u - +0 steam dragon scales (worn)
Jewellery
 f - a ring of willpower
 z - a ring of poison resistance
Scrolls
 e - 2 scrolls of teleportation {unknown}
 j - a scroll of fog {unknown}
 m - a scroll of noise {unknown}
 q - a scroll of identify {unknown}
 t - a scroll of torment {unknown}
 w - a scroll of enchant armour {unknown}
 y - a scroll of amnesia {unknown}
Potions
 r - a potion of mutation


   Skills:
 + Level 2.9 Fighting
 + Level 0.3 Short Blades
 + Level 2.0 Polearms
 + Level 4.4 Crossbows
 + Level 3.1 Dodging
 + Level 0.8 Stealth


You had 6 spell levels left.
You didn't know any spells.
Your spell library contained the following spells:

 Spells                   Type           Power      Damage    Failure   Level
 Foxfire                  Conj/Fire      0%         2x1d4     43%         1
 Conjure Flame            Conj/Fire      0%         6-21      80%         3
 Inner Flame              Hex/Fire       0%         N/A       80%         3


Dungeon Overview and Level Annotations

Branches:
Dungeon (6/15)
 Temple: D:4-7

Altars:
Dithmenos
Kikubaaqudgha
Zin
The Shining One

Shops:
D:2 !


Innate Abilities, Weirdness & Mutations

You are too large for most types of armour.
You have claws for hands.
Your natural rate of healing is unusually fast.
You are covered in fur. (AC +1)
You have tough skin. (AC +1)
You are agile. (Dex +2)
You are robust. (+10% HP)
You sometimes lose the ability to read scrolls when taking damage.
You expend magic power (3 MP) to strengthen your wands.


Message History

The ogre closely misses you.
There is a stone staircase leading down here.
You can't go up here!
You can read scrolls again.
The water moccasin skeleton bites you but does no damage.
The ogre completely misses you. The water moccasin skeleton bites you.
You climb downwards.
There is a stone staircase leading up here.
There is a stone staircase leading up here.
Items here: ( ) [ ÷.
The ogre barely misses you.
You hit the ogre. You burn the ogre.
The ogre is severely wounded.
The ogre barely misses you.
You hit the ogre. You burn the ogre.
The ogre is almost dead.
The ogre hits you with a +0 giant spiked club!!
You feel threatened and lose the ability to read scrolls!
* * * LOW HITPOINT WARNING * * *
You are too injured to fight recklessly!
You are too injured to fight recklessly!
You are too injured to fight recklessly!
The ogre closely misses you. The ogre completely misses you.
You can read scrolls again.
Items here: ( )) [ ÷.
Found a glowing mace.
An ice beast comes into view.
Found a stone staircase leading up.
The ogre hits you with a +0 giant spiked club!!
You feel threatened and lose the ability to read scrolls!
* * * LOW HITPOINT WARNING * * *
You see here a book of Spectacle.
You see here a hound skeleton.
There is a stone staircase leading up here.
The ogre closely misses you. The ogre closely misses you.
There is a stone staircase leading up here.
The ogre hits you with a +0 giant spiked club!
You die...

##............. .
#...........# #.
####.#.......#
..##............#
....._.:#.....###
###._8_....Y....#
#..#..._..÷.......#
......=.....O)....#
.......##...@..<..######
..[.... ##....).........
..###.. #.#...#.######.
. ... #.......# ....
########...... .....
.##### ...... .# ##


You could see an ice beast and an ogre.

Vanquished Creatures
  A black bear (D:5)
  A sky beast (D:5)
  An ice beast (D:4)
  A bullfrog (D:4)
  A water moccasin zombie (D:6)
  An orc priest (D:2)
  A hound (D:6)
  A centaur skeleton (D:5)
  3 gnolls (D:2)
  An adder (D:2)
  9 orcs
  2 bats
  2 endoplasms
  2 giant cockroaches
  7 goblins
  3 hobgoblins
  3 jackals (D:2)
  3 quokkas (D:2)
  3 ball pythons
  2 frilled lizards (D:2)
  4 kobolds
  2 rats (D:2)
54 creatures vanquished.

Notes
Turn   | Place    | Note
-------+----------+-------------------------------------------
     0 | D:1      | KingZimy the Troll Hunter began the quest for the Orb.
     0 | D:1      | Reached XP level 1. HP: 19/19 MP: 0/0
   329 | D:2      | Reached skill level 3 in Crossbows
   335 | D:2      | Reached XP level 2. HP: 17/27 MP: 1/1
   430 | D:2      | HP: 1/27 [orc priest/nerve-wracking pain (4)]
   462 | D:2      | Reached XP level 3. HP: 22/33 MP: 2/2
   631 | D:2      | Found Tiasmohoist's Distillery.
   805 | D:2      | Reached XP level 4. HP: 36/42 MP: 3/3
  1248 | D:4      | Reached skill level 4 in Crossbows
  1255 | D:4      | Noticed a bullfrog
  1265 | D:4      | Killed a bullfrog
  1266 | D:4      | Reached XP level 5. HP: 39/49 MP: 4/4
  1311 | D:5      | Entered Level 5 of the Dungeon
  1360 | D:5      | Noticed an ogre
  1375 | D:6      | Found an ancient bone altar of Kikubaaqudgha.
  1375 | D:6      | Found a glowing silver altar of Zin.
  1375 | D:6      | Found a glowing golden altar of the Shining One.
  1375 | D:6      | Found a shadowy altar of Dithmenos.
  1408 | D:6      | Reached XP level 6. HP: 35/59 MP: 5/5
  1421 | D:6      | Noticed a sky beast
  1457 | D:5      | Gained mutation: You sometimes lose the ability to read
                  | scrolls when taking damage. [potion of mutation]
  1457 | D:5      | Gained mutation: You are robust. (+10% HP) [potion of
                  | mutation]
  1457 | D:5      | Gained mutation: You expend magic power (3 MP) to
                  | strengthen your wands. [potion of mutation]
  1457 | D:5      | Gained mutation: You are agile. (Dex +2) [potion of
                  | mutation]
  1464 | D:5      | Killed a sky beast
  1465 | D:5      | Reached skill level 1 in Polearms
  1541 | D:5      | Noticed an ice beast
  1606 | D:4      | Killed an ice beast
  1638 | D:5      | Reached XP level 7. HP: 60/72 MP: 6/6
  1703 | D:6      | HP: 1/72 [ogre (33)]
  1713 | D:6      | Slain by an ogre

Illustrated notes

Levels and vault maps discovered:
D:1:      dpeg_arrival_simpleton_c, layout_loops_ring,
          minmay_misc_feat_secret_circle
D:2:      layout_basic, serial_shops, shop_fountains
D:3:      layout_basic, nemelex_dance_club_becter,
          chequers_ecumenical_altar_simple_redux, kennysheep_generic_room_2
D:4:      layout_basic, general_overflow_altar, uniq_robin
D:5:      layout_basic, gup_sewer_entry_bowl
D:6:      layout_rooms, dk_yredelemnul_ordeal,
          chequers_temple_overflow_statue_of_worship, uniq_maggie

Skill      XL: |  1  2  3  4  5  6 |
---------------+-------------------+-----
Crossbows      | 3 4 |  4.4
Fighting       | 2 |  2.9
Dodging        | 2 3 |  3.1
Polearms       | 2 |  2.0
Short Blades   | |  0.3
Stealth        | |  0.8

Action                   |  1- 3 |  4- 6 |  7- 9 || total
-------------------------+-------+-------+-------++-------
Melee: Spear             |       |   106 |     7 ||   113
       Short sword       |       |     5 |       ||     5
 Fire: Hand crossbow     |    72 |    19 |       ||    91
  Use: Potion            |       |     4 |       ||     4
 Stab: Sleeping          |       |     1 |       ||     1
       Distracted        |       |     1 |       ||     1
Armor: Robe              |    12 |     1 |       ||    13
       Steam dragon scal |       |   108 |     2 ||   110
Dodge: Dodged            |    22 |   111 |    10 ||   143

Table legend: (Time is in decaauts)
 A = Elapsed time spent in this place.
 B = Non-inter-level travel time spent in this place.
 C = Inter-level travel time spent in this place.
 D = Time resting spent in this place.
 E = Time spent auto-exploring this place.
 F = Levels seen in this place.
 G = Mean time per level.
                   A        B        C        D        E       F      G
               +--------+--------+--------+--------+--------+-----+--------+
         Total |   1750 |    733 |   1017 |     33 |     24 |   6 |  291.7 |
       Dungeon |   1750 |    733 |   1017 |     33 |     24 |   6 |  291.7 |
               +--------+--------+--------+--------+--------+-----+--------+

Top non-repeatable levels by time:
     D:2: 753 daAuts
     D:1: 349 daAuts
     D:5: 269 daAuts
     D:4: 216 daAuts
     D:6: 108 daAuts
     D:3: 53 daAuts
